 Dungeon Crawl Stone Soup version 0.19-a0-1886-gd64a0f0 (webtiles) character file.

219 graki42 the Sneak (level 5, -12/36 HPs)
             Began as an Octopode Monk on Oct 15, 2016.
             Mangled by a gnoll
             ... wielding a +0 flail
              (13 damage)
             ... on level 4 of the Dungeon.
             The game lasted 00:05:31 (2850 turns).

graki42 the Sneak (Octopode Monk)                   Turns: 2850, Time: 00:05:31

Health: -12/36     AC:  1    Str: 11    XL:     5   Next: 96%
Magic:  5/5        EV: 20    Int: 12    God:
Gold:   94         SH:  0    Dex: 20    Spells: 0 memorised, 4 levels left

rFire  . . .     SeeInvis .       - Unarmed
rCold  . . .     Gourm    .     (no shield)
rNeg   . . .     Faith    .     (helmet restricted)
rPois  .         Spirit   .     (no amulet)
rElec  .         Dismiss  .     (no ring)
rCorr  .         Reflect  .     (no ring)
MR     .....     Harm     .     (no ring)
Stlth  +++++.....               (no ring)
                                (no ring)
                                (no ring)
                                (no ring)
                                (no ring)

@: agile, hasted, very quick
A: almost no armour, stealthy swim, amphibious, 8 rings, constrict 8, camouflage
1, gelatinous body 1
a: no special abilities


You were on level 4 of the Dungeon.
You were very hungry.

You visited 1 branch of the dungeon, and saw 4 of its levels.

You collected 94 gold pieces.

Inventory:

Jewellery
 l - an uncursed ring of ice {unknown}
 n - an uncursed ring of resist corrosion {unknown}
Scrolls
 b - 3 scrolls of identify {unknown}
 d - a scroll of teleportation {unknown}
 g - 2 scrolls of noise {unknown}
 h - 3 scrolls of enchant armour {unknown}
 i - a scroll of immolation {unknown}
 m - a scroll of recharging {unknown}
 o - a scroll of random uselessness {unknown}
 p - a scroll of remove curse {unknown}
 r - a scroll of amnesia {unknown}
Potions
 e - 2 potions of invisibility {unknown}
 f - a potion of haste
Comestibles
 a - 4 bread rations
 c - a slice of pizza
 k - a meat ration
 s - 4 fruits
 t - a beef jerky


   Skills:
 + Level 3.4 Fighting
 + Level 3.7 Dodging
 + Level 5.2 Stealth
 + Level 4.8 Unarmed Combat


You had 4 spell levels left.
You didn't know any spells.

Dungeon Overview and Level Annotations

Branches:
Dungeon (4/15)
 Temple: D:4-7

Altars:
Ashenzari
Ru
Uskayaw

Annotations:
D:2 Sigmund


Innate Abilities, Weirdness & Mutations

You cannot wear most types of armour.
You are very stealthy in the water. (Stealth+)
You are amphibious.
You can wear up to eight rings at the same time.
You can use your tentacles to constrict eight enemies at once.
Your skin changes colour to match your surroundings (Stealth+).
Your rubbery body absorbs attacks. (AC +1, EV +1)


Message History

You constrict the iguana. The iguana barely misses you.
You tentacle-slap the iguana but do no damage.
The iguana is heavily wounded.
You constrict the iguana. The iguana misses you.
The gnoll hits you with a flail!
You tentacle-slap the iguana but do no damage.
The iguana is severely wounded.
You constrict the iguana. The iguana closely misses you.
The gnoll hits you with a flail!
* * * LOW HITPOINT WARNING * * *
You bludgeon the iguana!
You kill the iguana!
The gnoll hits you with a flail.
* * * LOW HITPOINT WARNING * * *
There is a stone staircase leading up here.
It was a potion of agility.
You feel agile all of a sudden.
It was a potion of haste.
You feel yourself speed up. The gnoll hits you with a flail!
You die...

# ..... #.
#...(O....
#.########........
.....%..........
#..>..........
#.##......#.#..
#.........#.#.#
#..<.@g#.#.#
#..........#
#...........#
#........!#...!#
#.$.......##...#
#.........# ...#
#..####...# #..#
#.# ##### #.. ##
##


You could see a gnoll.

Vanquished Creatures
  An orc wizard (D:3)
  An orc priest (D:3)
  An iguana (D:4)
  4 adders
  3 worms (D:2)
  3 dart slugs
  2 leopard geckos
  9 orcs (D:3)
  2 ball pythons (D:2)
  3 bats
  12 goblins
  3 hobgoblins
  9 jackals
  3 quokkas
  4 frilled lizards
  6 kobolds
  7 rats
73 creatures vanquished.

Notes
Turn   | Place    | Note
-------+----------+-------------------------------------------
     0 | D:1      | graki42 the Octopode Monk began the quest for the Orb.
     0 | D:1      | Reached XP level 1. HP: 16/16 MP: 1/1
   197 | D:1      | Reached XP level 2. HP: 16/21 MP: 2/2
   200 | D:1      | Reached skill level 3 in Stealth
   912 | D:2      | Found a shattered altar of Ashenzari.
   938 | D:2      | Reached XP level 3. HP: 22/26 MP: 3/3
  1116 | D:2      | Found a hide-covered altar of Uskayaw.
  1116 | D:2      | Noticed a hand axe
  1117 | D:2      | Noticed a hand axe
  1407 | D:2      | Reached skill level 4 in Stealth
  1407 | D:2      | Reached XP level 4. HP: 28/31 MP: 4/4
  1475 | D:2      | Found a sacrificial altar of Ru.
  1903 | D:2      | Noticed Sigmund
  2285 | D:3      | Reached XP level 5. HP: 29/36 MP: 5/5
  2481 | D:3      | Reached skill level 5 in Stealth
  2831 | D:4      | Noticed an ogre
  2844 | D:4      | HP: 1/36 [gnoll/flail (4)]
  2850 | D:4      | Mangled by a gnoll

Vault maps used:
D:1:      tarquinn_simple_flora_water_e
D:2:      lemuel_doored_altar, ashenzari_conservatory_becter,
          dancing_weapons_uskayaw, uniq_sigmund, uniq_terence
D:3:      first_bread
D:4:      lemuel_castle_with_subvaults, minivault_25, minmay_bent, uniq_duvessa

Skill      XL: |  1  2  3  4  5 |
---------------+----------------+-----
Stealth        | 3 4 5 |  5.2
Unarmed Combat | 4 |  4.8
Fighting       | |  3.4
Dodging        | |  3.7

Action                   |  1- 3 |  4- 6 || total
-------------------------+-------+-------++-------
Melee: Unarmed           |    71 |    99 ||   170
       Constrict         |    22 |    29 ||    51
       Tentacles         |    15 |    15 ||    30
       Punch             |       |     7 ||     7
  Use: Potion            |       |     2 ||     2
 Stab: Sleeping          |     8 |     9 ||    17
       Distracted        |       |     1 ||     1
  Eat: Chunk             |     1 |     4 ||     5
Armor: Skin              |     1 |     3 ||     4
Dodge: Dodged            |    40 |    63 ||   103
